 Dungeon Crawl Stone Soup version 0.29.1-2-gbd0b4ee654 (webtiles) character file.

Game seed: 8084580649402178244

34 KittyFluff the Trooper (level 3, -9/24 HPs)
             Began as a Gargoyle Berserker on Oct 28, 2022.
             Was a Follower of Trog.
             Mangled by a gnoll
             ... wielding a +4 halberd of flaming
              (12 damage)
             ... on level 2 of the Dungeon.
             The game lasted 00:05:59 (1636 turns).

KittyFluff the Trooper (Gargoyle Berserker)         Turns: 1636, Time: 00:06:00

Health: -9/24      AC:  5    Str: 20    XL:     3   Next: 31%
Magic:  3/3        EV: 12    Int:  7    God:    Trog [*.....]
Gold:   57         SH:  0    Dex: 11    Spells: 2/2 levels left

rFire   + . .      SeeInvis .   a - +0 mace
rCold   + . .      Faith    .   (no shield)
rNeg    + . .      Spirit   .   b - +0 animal skin
rPois   ∞          Reflect  .   (no helmet)
rElec   +          Harm     .   (no cloak)
rCorr   +          Rampage  .   (no gloves)
Will    .....                   (no boots)
Stlth   +.........              (no amulet)
HPRegen 0.08/turn               (no ring)
MPRegen 0.08/turn               (no ring)

@: resistant
A: sickness immunity, AC +3, negative energy resistance 1, electricity
resistance, torment resistance 1, petrification resistance
a: Renounce Religion, Berserk


You were on level 2 of the Dungeon.
You worshipped Trog.
Trog was aware of your devotion.
You visited 1 branch of the dungeon, and saw 2 of its levels.

You collected 69 gold pieces.
You spent 12 gold pieces at shops.

Inventory:

Hand Weapons
 a - a +0 mace (weapon)
 m - a +0 sling
Missiles
 k - 5 boomerangs (quivered)
Armour
 b - a +0 animal skin (worn)
 j - a +0 ring mail of cold resistance
Scrolls
 c - a scroll of identify {unknown}
 g - a scroll of amnesia {unknown}
 h - a scroll of torment {unknown}
 l - a scroll of silence {unknown}
Potions
 d - a potion of curing
 e - a potion of resistance
 f - a potion of degeneration
 i - a potion of invisibility {unknown}


   Skills:
 + Level 3.8 Fighting
 + Level 3.5 Maces & Flails
 * Level 2.5 Armour
 + Level 1.7 Dodging
 + Level 0.3 Stealth


You had 2 spell levels left.
You didn't know any spells.
Your spell library was empty.

Dungeon Overview and Level Annotations

Branches:
Dungeon (2/15)

Altars:

Shops:
D:1 *:   D:2 [


Innate Abilities, Weirdness & Mutations

You are immune to sickness and miasma.
Your stone body is resilient. (AC +3)
You are immune to poison.
You resist negative energy. (rN+)
You are resistant to electric shocks. (rElec)
You are resistant to unholy torment.
You are immune to petrification.


Message History

Increase (S)trength, (I)ntelligence, or (D)exterity?
You feel agile. x2
You see here a +0 club.
Found 14 gold pieces.
You now have 44 gold pieces (gained 14).
Found 13 gold pieces.
Found a stone staircase leading down.
You now have 57 gold pieces (gained 13).
There is a stone staircase leading down here.
A gnoll comes into view. It is wielding a +0 club.
The gnoll shouts!
A gnoll comes into view. It is wielding a +0 club.
A gnoll comes into view. It is wielding a +4 halberd of flaming.
The gnoll moves out of view.
You closely miss the gnoll. The gnoll barely misses you.
The gnoll hits you with a +0 club.
The gnoll shouts!
You hit the gnoll.
The gnoll is heavily wounded.
The gnoll barely misses you.
You closely miss the gnoll.
The gnoll is heavily wounded.
The gnoll hits you with a +0 club!
The gnoll hits you from afar with a +4 halberd of flaming.
The gnoll burns you.
You sock the gnoll!
You kill the gnoll!
Trog accepts your kill. The gnoll misses you.
The gnoll hits you with a +0 club!
* * * LOW HITPOINT WARNING * * *
The gnoll closely misses you.
It was a potion of curing.
You feel better. The gnoll hits you with a +0 club.
* * * LOW HITPOINT WARNING * * *
The gnoll closely misses you.
It was a potion of resistance.
You feel protected. The gnoll barely misses you.
The gnoll hits you from afar with a +4 halberd of flaming!
Ouch! That really hurt!
You die...

####### ..#####
########......
.....###........#####
#.....########
#.......# #@#.....#
#g#.....# #.g.....#
##......# #.###### ##
... .. ##.# #.## .#
#... ####


You could see 2 gnolls.

Vanquished Creatures
  A gnoll (D:2)
  5 endoplasms
  2 giant cockroaches (D:1)
  2 goblins
  A hobgoblin (D:1)
  4 kobolds (D:1)
  A quokka (D:1)
  A ball python (D:2)
  2 bats
  A frilled lizard (D:2)
  2 rats (D:1)
22 creatures vanquished.

Notes
Turn   | Place    | Note
-------+----------+-------------------------------------------
     0 | D:1      | KittyFluff the Gargoyle Berserker began the quest for the
                  | Orb.
     0 | D:1      | Reached XP level 1. HP: 14/14 MP: 1/1
   360 | D:1      | Found Mipipasy's Book Emporium.
   412 | D:1      | Found Ittik's General Store.
   623 | D:1      | Reached XP level 2. HP: 19/19 MP: 2/2
   640 | D:1      | Bought a potion of degeneration for 12 gold pieces
  1350 | D:1      | Found a faded altar of an unknown god.
  1412 | D:2      | Found Doxzadd's Antique Armour Shop.
  1539 | D:2      | Reached XP level 3. HP: 23/24 MP: 3/3
  1636 | D:2      | Mangled by a gnoll

Illustrated notes

Levels and vault maps discovered:
D:1:      dpeg_arrival_circle_labyrinth_c, layout_basic,
          shapermc_ecumenical_altar_petra, serial_shops, shop, shop
D:2:      layout_rooms, serial_shops, shop

Action                   || total
-------------------------++-------
Melee: Mace              ||    50
  Use: Potion            ||     2
Armor: Animal skin       ||    11
Dodge: Dodged            ||    40
